 Dungeon Crawl Stone Soup version 0.28-a0-1629-gf728b707aa (webtiles) character file.

Game seed: 15703058339181186895

21 funkygono the Firebug (level 2, -1/15 HPs)
             Began as a Gargoyle Fire Elementalist on Jan 24, 2022.
             Slain by an adder (4 damage)
             ... on level 2 of the Dungeon.
             The game lasted 00:01:38 (1269 turns).

funkygono the Firebug (Gargoyle Fire Elementalist)  Turns: 1269, Time: 00:01:39

Health: -1/15      AC:  4    Str: 11    XL:     2   Next: 87%
Magic:  0/5        EV: 11    Int: 15    God:
Gold:   30         SH:  0    Dex: 10    Spells: 2/5 levels left

rFire   . . .      SeeInvis .   g - +0 whip
rCold   . . .      Faith    .   (no shield)
rNeg    + . .      Spirit   .   a - +0 robe
rPois   ∞          Reflect  .   (no helmet)
rElec   +          Harm     .   (no cloak)
rCorr   .          Rampage  .   (no gloves)
Will    .....                   (no boots)
Stlth   ++........              (no amulet)
HPRegen 0.05/turn               (no ring)
MPRegen 0.09/turn               (no ring)

@: no status effects
A: sickness immunity, AC +2, negative energy resistance 1, electricity
resistance, torment resistance 1, petrification resistance
a: no special abilities


You were on level 2 of the Dungeon.
You visited 1 branch of the dungeon, and saw 2 of its levels.

You collected 30 gold pieces.

Inventory:

Hand Weapons
 g - a +0 whip (weapon)
Missiles
 b - 26 stones
Armour
 a - a +0 robe (worn)
Scrolls
 c - a scroll of immolation {unknown}
 e - a scroll of enchant armour {unknown}
 i - a scroll of amnesia {unknown}
Potions
 d - a potion of flight {unknown}
 f - a potion of heal wounds {unknown}
 h - 2 potions of brilliance {unknown}


   Skills:
 + Level 1.5 Dodging
 - Level 2.1 Stealth
 * Level 2.3 Spellcasting
 * Level 1.2 Conjurations
 * Level 3.6 Fire Magic


You had 2 spell levels left.
You knew the following spells:

 Your Spells              Type           Power      Damage    Failure   Level
a - Foxfire               Conj/Fire      36%        2x1d5     8%          1
b - Scorch                Fire           24%        2d6       7%          2

Your spell library contained the following spells:

 Spells                   Type           Power      Damage    Failure   Level
 Conjure Flame            Conj/Fire      9%         6-21      24%         3
 Inner Flame              Hex/Fire       7%         N/A       30%         3
 Flame Wave               Conj/Fire      9%         2d5       61%         4


Dungeon Overview and Level Annotations

Branches:
Dungeon (2/15)

Altars:


Innate Abilities, Weirdness & Mutations

You are immune to sickness and miasma.
Your stone body is resilient. (AC +2)
You are immune to poison.
You resist negative energy. (rN+)
You are resistant to electric shocks. (rElec)
You are resistant to unholy torment.
You are immune to petrification.


Message History

The adder is heavily wounded.
The foxfire hits the adder.
The adder is severely wounded.
The adder bites you but does no damage.
Casting: Scorch (safe; 7% risk of failure)
Confirm with . or Enter, or press ? or * to list all spells.
You conjure some foxfire!
The adder barely misses you.
The foxfire hits the adder but does no damage.
The adder is severely wounded.
The foxfire hits the adder but does no damage.
The adder is severely wounded.
The adder bites you.
You barely miss the adder.
The adder is severely wounded.
The adder bites you.
* * * LOW HITPOINT WARNING * * *
You barely miss the adder.
The adder is severely wounded.
The adder bites you.
* * * LOW HITPOINT WARNING * * *
The adder barely misses you.
You miss the adder.
The adder is severely wounded.
The adder closely misses you.
You barely miss the adder.
The adder is severely wounded.
The adder bites you but does no damage. The adder barely misses you.
Your magical contamination has completely faded away.
Casting: Foxfire (safe; 8% risk of failure)
Confirm with . or Enter, or press ? or * to list all spells.
You conjure some foxfire!
The adder closely misses you.
Unknown command.
The foxfire hits the adder.
The adder is almost dead.
The foxfire hits the adder.
The adder is almost dead.
The adder closely misses you. The adder barely misses you. The adder bites you.
You die...

#.#..##.##....#.#.#
#.#.###.##...##.#.# .#
#.#...#.#.......#.# .#
#####.###.#.#.#.......#### .#
^ .........................#
.#..
###########.#.........##.##
.#.# #.#.........##..###...
########.#########.##....#.###
...........[.@S...........>...
########...#######.##....#.##.
###.# #.##......... #.#
#.......#.### #.# ######.##.#
#.# #.. .# #.# ##.#.# #.# ...#
#). #..


You could see an adder.

Vanquished Creatures
  5 ball pythons (D:1)
  A giant cockroach (D:1)
  A goblin (D:1)
  2 hobgoblins (D:1)
  3 jackals (D:1)
  A quokka (D:1)
  3 bats (D:1)
  A frilled lizard (D:1)
  A kobold (D:1)
  A rat (D:1)
19 creatures vanquished.

Vanquished Creatures (collateral kills)
  2 foxfires (D:1)
2 creatures vanquished.

Vanquished Creatures (others)
  39 foxfires
  A fungus (D:1)
  3 plants (D:1)
43 creatures vanquished.

Grand Total: 64 creatures vanquished

Notes
Turn   | Place    | Note
-------+----------+-------------------------------------------
     0 | D:1      | funkygono the Gargoyle Fire Elementalist began the quest
                  | for the Orb.
     0 | D:1      | Reached XP level 1. HP: 10/10 MP: 3/3
    56 | D:1      | Reached XP level 2. HP: 8/15 MP: 0/5
    59 | D:1      | Learned a level 2 spell: Scorch
   209 | D:1      | Found a faded altar of an unknown god.
  1269 | D:2      | Slain by an adder

Illustrated notes

Levels and vault maps discovered:
D:1:      lemuel_arrival_hallway, layout_basic,
          shapermc_ecumenical_altar_mp_ritualfount, amethyst_killhole
D:2:      layout_basic, kennysheep_cross_room, minmay_misc_feat_diagonals

Action                   || total
-------------------------++-------
Melee: Club              ||    19
       Whip              ||     4
 Cast: Foxfire           ||    24
       Scorch            ||     3
Armor: Robe              ||    21
Dodge: Dodged            ||    36

Table legend: (Time is in decaauts)
 A = Elapsed time spent in this place.
 B = Non-inter-level travel time spent in this place.
 C = Inter-level travel time spent in this place.
 D = Time resting spent in this place.
 E = Time spent auto-exploring this place.
 F = Levels seen in this place.
 G = Mean time per level.
                   A        B        C        D        E       F      G
               +--------+--------+--------+--------+--------+-----+--------+
         Total |   1273 |   1217 |     56 |      0 |   1019 |   2 |  636.5 |
       Dungeon |   1273 |   1217 |     56 |      0 |   1019 |   2 |  636.5 |
               +--------+--------+--------+--------+--------+-----+--------+

Top non-repeatable levels by time:
     D:1: 1190 daAuts
     D:2: 83 daAuts
